 Dungeon Crawl Stone Soup version 0.31-a0-182-gc5ef74bbde (webtiles) character file.

Game seed: 675139416081168584

344 qw the Chopper (level 6, 0/38 HPs)
             Began as a Gargoyle Fighter on June 20, 2023.
             Slain by Duvessa
             ... wielding a +1 short sword of protection
              (4 damage)
             ... on level 4 of the Dungeon.
             The game lasted 00:01:06 (3012 turns).

qw the Chopper (Gargoyle Fighter)                   Turns: 3012, Time: 00:01:07

Health: 0/38       AC: 14    Str: 21    XL:     6   Next: 58%
Magic:  6/6        EV:  9    Int:  9    God:
Gold:   128        SH:  4    Dex:  9    Spells: 5/5 levels left

rFire   . . .        Y - +2 war axe
rCold   . . .        c - +0 buckler
rNeg    + . .        b - +0 scale mail
rPois   inf          (no helmet)
rElec   +            e - +2 cloak
rCorr   .            (no gloves)
SInv    .            (no boots)
Will    .....        (no amulet) Stlth
                     (no ring)
HPRegen 0.26/turn    (no ring)
MPRegen 0.10/turn

%: no passive effects
@: no status effects
A: sickness immunity, AC +4, negative energy resistance 1, electricity
resistance, torment resistance 1, petrification resistance
a: no special abilities


You were on level 4 of the Dungeon.
You visited 1 branch of the dungeon, and saw 4 of its levels.

You collected 158 gold pieces.
You spent 30 gold pieces at shops.


Innate Abilities, Weirdness & Mutations

You are immune to sickness and miasma.
Your stone body is resilient. (AC +4)
You are immune to poison.
You resist negative energy. (rN+)
You are resistant to electric shocks. (rElec)
You are resistant to unholy torment.
You are immune to petrification.


   Skills:
 - Level 4.2 Fighting
 + Level 5.4 Axes
 - Level 3.2 Armour
 - Level 1.3 Dodging
 - Level 3.2 Shields


You had 5 spell levels left.
You didn't know any spells.
Your spell library was empty.

Inventory:

Hand Weapons
 a - a +2 flail of holy wrath
 l - a +1 heavy flail
 Y - a +2 war axe (weapon)
Armour
 b - a +0 scale mail (worn)
 c - a +0 buckler (worn)
 e - a +2 cloak (worn)
 k - a +0 chain mail
Jewellery
 f - a ring of fire
Scrolls
 m - a scroll of vulnerability {unknown}
Potions
 d - a potion of might
 g - a potion of haste {unknown}
 h - a potion of curing
 i - a potion of berserk rage {unknown}
 j - a potion of lignification {unknown}

Dungeon Overview and Level Annotations

Branches:
Dungeon (4/15)
 Temple: D:4-7

Altars:
Makhleb

Shops:
D:2 (

Portals:
Abyss: D:3

Annotations:
D:3 2 transporters, qw's ghost, amateur GrFi
D:4 Dowan; Duvessa; Robin


Message History

You hit Dowan.
Dowan is almost dead.
You hit Duvessa. You block Duvessa's attack. Dowan hits you but does no damage.
You hit Dowan but do no damage.
Dowan is almost dead.
You hit Duvessa. Duvessa hits you but does no damage.
Dowan casts a spell at you. You resist with some effort.
Duvessa hits you but does no damage.
Dowan casts a spell.
Dowan blinks!
You barely miss Duvessa.
Duvessa is severely wounded.
You hear the brisk hiss of an avalanche of sand nearby.
Duvessa closely misses you. Duvessa barely misses you.
Dowan gestures wildly while chanting.
Dowan blinks!
You hit Duvessa but do no damage.
Duvessa is severely wounded.
You block Duvessa's attack.
Duvessa hits you with a +1 short sword of protection.
You slash Duvessa!
Duvessa is almost dead.
Duvessa closely misses you. You block Duvessa's attack.
You hit Duvessa but do no damage.
Duvessa is almost dead.
Duvessa hits you but does no damage. Duvessa barely misses you.
You barely miss Duvessa.
Duvessa is almost dead.
Duvessa barely misses you.
Dowan mumbles some strange words.
Dowan blinks!
Duvessa closely misses you.
You hit Duvessa.
Duvessa is almost dead.
Duvessa hits you but does no damage. x2
You closely miss Duvessa.
Duvessa is almost dead.
Duvessa hits you with a +1 short sword of protection.
You die...

### . .. .. .#
...#####.#
.........#
........########
....(.e@.......#
......########.#
.....# #....#.#
...ยค.
......#.#####
....
##$...#.....#
...
#....#####.##
...
###.###.....#
#.#######.# .. .
......#.#


You could see Duvessa (fast).

Vanquished Creatures
  A black bear (D:4)
  A phantom (D:4)
  A scorpion (D:4)
  An orc priest (D:4)
  2 adders
  A gnoll (D:2)
  An ufetubus (D:4)
  A worm (D:3)
  5 orcs
  6 ball pythons
  6 endoplasms
  5 giant cockroaches
  3 hobgoblins
  5 quokkas
  3 bats
  3 frilled lizards
  6 goblins
  2 kobolds
  4 rats
57 creatures vanquished.

Notes
Turn   | Place    | Note
-------+----------+-------------------------------------------
     0 | D:1      | qw the Gargoyle Fighter began the quest for the Orb.
     0 | D:1      | Reached XP level 1. HP: 14/14 MP: 1/1
     0 | D:1      | 0 ||| qw: Version: 0.3-a-9-g12657ce
     0 | D:1      | 0 ||| qw: Game counter: 1309
     0 | D:1      | 0 ||| qw: Always use a shield: true
     0 | D:1      | 0 ||| qw: God list: Okawaru
     0 | D:1      | 0 ||| qw: Allow faded altars: false
     0 | D:1      | 0 ||| qw: Do Orc after D:15 true
     0 | D:1      | 0 ||| qw: Do second Lair branch before Depths: true
     0 | D:1      | 0 ||| qw: Lair rune preference: random
     0 | D:1      | 0 ||| qw: Plans: Normal, Zot:1-4, Slime:5, God:TSO, Crypt,
                  | Tomb, Abyss, Pan, Hells, Win
     0 | D:1      | 0 ||| PLANNING D:1-11
    41 | D:1      | Reached skill level 2 in Axes
   178 | D:1      | Reached XP level 2. HP: 11/19 MP: 2/2
   932 | D:1      | 932 ||| READING scroll labelled XOUMMA RUAKHLO.
   933 | D:1      | 933 ||| READING 2 scrolls labelled URHAIJIAPPA.
   934 | D:1      | 934 ||| READING scroll of enchant weapon.
   934 | D:1      | 934 ||| ENCHANTING +1 war axe.
  1026 | D:2      | Found Tatalimp's Weapon Shop.
  1032 | D:2      | 1032 ||| BUYING +0 mace (30 gold).
  1032 | D:2      | Bought a +0 mace for 30 gold pieces
  1102 | D:2      | Reached skill level 3 in Axes
  1102 | D:2      | Reached XP level 3. HP: 23/23 MP: 3/3
  1106 | D:2      | 1106 ||| Stepping ~*~*~tactically~*~*~ (stealth).
  1231 | D:2      | 1231 ||| Stepping ~*~*~tactically~*~*~ (stealth).
  1702 | D:2      | 1702 ||| UPGRADING to +2 cloak.
  1707 | D:2      | 1707 ||| READING scroll labelled BEOFEAP ATUT.
  1708 | D:2      | 1708 ||| READING scroll labelled JURIOC ELENUI.
  1758 | D:3      | Found a transporter.
  1762 | D:3      | Noticed a small abomination
  1763 | D:3      | Found a transporter.
  1764 | D:3      | Found a one-way gate to the infinite horrors of the Abyss.
  1764 | D:3      | Noticed qw's ghost (amateur GrFi)
  2007 | D:3      | Found a burning altar of Makhleb.
  2007 | D:3      | Noticed an Executioner
  2017 | D:3      | Reached XP level 4. HP: 28/28 MP: 4/4
  2188 | D:3      | Noticed a small abomination
  2420 | D:3      | Reached skill level 4 in Axes
  2584 | D:3      | 2584 ||| READING scroll labelled NIJIGH JIJOGE.
  2615 | D:4      | 2615 ||| PLANNING OSSUARY
  2625 | D:4      | Reached XP level 5. HP: 14/32 MP: 5/5
  2699 | D:4      | 2699 ||| DROPPING +0 mace.
  2797 | D:4      | Noticed Robin
  2809 | D:4      | Noticed a black bear
  2810 | D:4      | Noticed a phantom
  2816 | D:4      | Killed a black bear
  2817 | D:4      | Reached skill level 5 in Axes
  2821 | D:4      | Killed a phantom
  2822 | D:4      | Reached XP level 6. HP: 23/38 MP: 6/6
  2977 | D:4      | Reached skill level 1 in Dodging
  2984 | D:4      | Noticed Duvessa
  2985 | D:4      | 2985 ||| Stepping ~*~*~tactically~*~*~ (stealth).
  2987 | D:4      | Noticed Dowan
  2988 | D:4      | 2988 ||| Stepping ~*~*~tactically~*~*~ (hiding).
  3002 | D:4      | HP: 2/38 [Duvessa/+1 short sword of protection (8)]
  3007 | D:4      | HP: 3/38 [Duvessa/+1 short sword of protection (1)]
  3012 | D:4      | Slain by Duvessa

Levels and vault maps discovered:
D:1:      dpeg_arrival_long_road, layout_loops_corners,
          chequers_serial_rivers_micro_d
D:2:      minmay_angry_zag, layout_basic, serial_shops,
          nicolae_shop_bloodbath_and_beyond
D:3:      layout_basic, makhleb_altar_promises_db,
          gammafunk_ghost_abyssal_escape, minmay_fractal_squares_gapless_5
D:4:      layout_cave_pools, amcnicky_altar_gilded, kennysheep_mini_moat,
          serial_co_window_serial, co_window_paths_a, co_window_corner_a,
          co_window_of_opportunity_a, co_window_paths_b, co_window_paths_b,
          co_window_of_opportunity_a, co_window_of_opportunity_a,
          co_window_cross_3, co_window_unsneaky_path_c, co_window_broadway_b,
          co_window_broadway_b, co_window_paths_c, co_window_4corner_b,
          glass_columns_a, nicolae_ossuary_entry_catacombs,
          minmay_crystal_water, amcnicky_mini_corridor_feature, uniq_duvessa,
          uniq_robin

Skill      XL: |  1  2  3  4  5  6 |
---------------+-------------------+-----
Axes           | 2 3 4 5 |  5.4
Fighting       | 4 |  4.2
Dodging        | 1 |  1.3
Armour         | |  3.2
Shields        | |  3.2

Action                     |  1- 3 |  4- 6 || total
---------------------------+-------+-------++-------
  Melee: War axe           |    72 |    91 ||   163
    Use: Scroll            |     5 |     1 ||     6
 Armour: Scale mail        |    19 |    58 ||    77
  Dodge: Dodged            |    22 |    49 ||    71
  Block: Buckler           |     9 |    20 ||    29

Table legend:
 A = Non-vault XP
 B = Vault XP
 C = Vault XP percentage of total XP
 D = Non-vault monster count
 E = Vault monster count
 F = Vault count percentage of total count
                 A         B        C        D         E       F
            +---------+---------+-------+---------+---------+-------
      Total |     451 |      41 |   8.3 |      48 |       9 |  15.8
            +---------+---------+-------+---------+---------+-------
        D:1 |      21 |       0 |   0.0 |      13 |       0 |   0.0
        D:2 |      19 |      31 |  62.0 |      11 |       4 |  26.7
        D:3 |      37 |      10 |  21.3 |      13 |       5 |  27.8
        D:4 |     374 |       0 |   0.0 |      11 |       0 |   0.0
            +---------+---------+-------+---------+---------+-------
